 Dungeon Crawl Stone Soup version 0.21.1-1-g345015f (webtiles) character file.

19516 shakethe the Fighter (level 12, -18/100 HPs)
             Began as a Demonspawn Fighter on Feb 21, 2018.
             Was a High Priest of Okawaru.
             Killed from afar by Frances (45 damage)
             ... with an iron shot
             ... on level 12 of the Dungeon.
             The game lasted 00:27:59 (13917 turns).

shakethe the Fighter (Demonspawn Fighter)          Turns: 13917, Time: 00:27:59

Health: -18/100    AC: 21    Str: 18    XL:     12   Next: 37%
Magic:  0/18       EV: 10    Int: 17    God:    Okawaru [*****.]
Gold:   617        SH:  0    Dex: 12    Spells: 11/11 levels left

rFire    . . .     SeeInvis +   b - +7 battleaxe (venom)
rCold    . . .     Gourm    .   (shield currently unavailable)
rNeg     . . .     Faith    .   W - +1 chain mail of the Original Sin {rElec rPois MR+}
rPois    +         Spirit   +   (helmet unavailable)
rElec    +         Reflect  .   (no cloak)
rCorr    .         Harm     .   l - +2 pair of gloves
MR       +....                  (no boots)
Stlth    +.........             (no amulet)
HPRegen  0.26/turn              p - ring of stealth {Stlth+}
MPRegen  0.16/turn              y - +3 ring of intelligence

@: heroism, finesse
A: antennae 3, slimy green scales 2, demonic guardian 1, magic shield
a: Heroism, Finesse, Renounce Religion


You were on level 12 of the Dungeon.
You worshipped Okawaru.
Okawaru was extremely pleased with you.
You were not hungry.

You visited 1 branch of the dungeon, and saw 12 of its levels.
You also visited: Sewer.

You collected 617 gold pieces.

Inventory:

Hand Weapons
 a - a +5 flail of draining
   (You found it on level 10 of the Dungeon)
 b - a +7 battleaxe of venom (weapon)
   (Okawaru gifted it to you on level 8 of the Dungeon)
Missiles
 P - a throwing net {=f, !d}
Armour
 c - the +5 scale mail "Home" {rN+, unknown}
   (You found it on level 12 of the Dungeon)

   It protects you from negative energy.
 l - a +2 pair of gloves (worn)
   (You found it on level 1 of the Dungeon)
 O - a +0 shield of reflection
   (Okawaru gifted it to you on level 9 of the Dungeon)
 W - the +1 chain mail of the Original Sin (worn) {rElec rPois MR+}
   (Okawaru gifted it to you on level 11 of the Dungeon)

   It insulates you from electricity.
   It protects you from poison.
   It affects your resistance to hostile enchantments.
Jewellery
 p - a ring of stealth (left hand) {Stlth+}
   (You found it on level 1 of the Dungeon)
 w - an uncursed amulet of harm
   (You found it on level 3 of the Dungeon)
 y - a +3 ring of intelligence (right hand)
   (You took it off an orc on level 6 of the Dungeon)
 R - an uncursed amulet of faith {unknown}
   (You found it on level 10 of the Dungeon)
 S - the ring of Tiukko {Ice +Inv SInv}
   (You found it on level 10 of the Dungeon)

   [ring of ice]

   It enhances your ice magic.
   It makes you vulnerable to fire.
   It protects you from cold.
   It lets you see invisible.
   It lets you turn invisible.
 T - an uncursed amulet of faith {unknown}
   (You took it off a kobold on level 10 of the Dungeon)
 Z - an uncursed ring of ice {rC+, rF-}
   (You took it off Fannar on level 11 of the Dungeon)
Wands
 B - a wand of clouds (7)
   (You took it off Ijyb on level 3 of the Dungeon)
 N - a wand of disintegration (7)
   (You took it off Joseph on level 9 of the Dungeon)
Scrolls
 e - a scroll of noise {unknown}
 g - 6 scrolls of fog {unknown}
 i - 3 scrolls of enchant armour {unknown}
 m - 2 scrolls of enchant weapon {unknown}
 o - 3 scrolls of teleportation {unknown}
 r - 6 scrolls of remove curse
 u - 3 scrolls of blinking {!r}
 z - 2 scrolls of magic mapping {unknown}
 A - 4 scrolls of fear {unknown}
 E - 3 scrolls of immolation {unknown}
 F - a scroll of summoning
 I - 2 scrolls of identify
 M - a scroll of acquirement {unknown}
 U - a scroll of silence {unknown}
 X - a scroll of amnesia {unknown}
Potions
 d - 4 potions of might
 h - 4 potions of degeneration {!q}
 j - 2 potions of berserk rage {!q}
 k - 6 potions of curing
 q - 3 potions of agility
 s - 5 potions of haste
 x - 4 potions of flight
 C - a potion of resistance {unknown}
 D - a potion of invisibility
 G - 2 potions of cancellation
 H - 3 potions of brilliance
 J - 4 potions of heal wounds
 K - a potion of mutation {unknown}
 Q - a potion of lignification {unknown}
Books
 n - a book of Battle
   (You found it on level 6 of the Dungeon)
 t - a book of Cantrips
   (You found it on level 2 of the Dungeon)
 v - a book of Minor Magic
   (You found it on level 4 of the Dungeon)
Miscellaneous
 L - a phial of floods
   (You found it on level 10 of the Dungeon)
Comestibles
 f - 17 rations
 Y - 6 chunks of flesh {@w0@w0}


   Skills:
 + Level 11.6(16.6) Fighting
 + Level 10.5(15.5) Axes
 + Level 10.7(15.7) Armour
 - Level 2.6(7.6) Shields
 - Level 9.0 Invocations


You had 11 spell levels left.
You didn't know any spells.

Dungeon Overview and Level Annotations

Branches:
Dungeon (12/15)            Temple (0/1) D:7            Lair (0/6) D:8
    Orc (0/2) D:11

Altars:
Ashenzari
Cheibriados
Dithmenos
Elyvilon
Fedhas
Makhleb
Nemelex Xobeh
Okawaru
Ru
Uskayaw
Vehumet
Wu Jian
Xom
Zin
The Shining One

Shops:
D:10 =   D:11 (

Annotations:
D:12 Frances


Innate Abilities, Weirdness & Mutations

You have a pair of large antennae on your head. (SInv)
You are mostly covered in slimy green scales. (AC +3)
A weak demonic guardian rushes to your aid.
When hurt, damage is shared between your health and your magic reserves.


Message History

You hit the wyvern.
The wyvern is poisoned.
The wyvern barely misses you.
The wyvern bites you but does no damage.
You slice the wyvern!!
The wyvern looks as sick as possible!
The wyvern bites you but does no damage.
You barely miss the wyvern.
You kill the wyvern!
Okawaru accepts your kill.
You see here a wyvern corpse.
You butcher the wyvern corpse.
Y - 9 chunks of flesh {@w0@w0} (gained 3)
You sense a monster nearby.
MP restored: 18 No target in view!
No target in view!
An ice beast comes into view.
The ice beast misses you.
You slash the ice beast!
The ice beast hits you but does no damage.
You hit the ice beast. The ice beast barely misses you.
You barely miss the ice beast. You slice the ice beast!!
You kill the ice beast!
Okawaru accepts your kill.
Found a stone staircase leading down.
You slash the bullfrog skeleton!
The bullfrog skeleton barely misses you.
A bullfrog skeleton is nearby!
You barely miss the bullfrog skeleton. The bullfrog skeleton hits you.
The bullfrog skeleton hits you but does no damage.
You take 2 damage, and have 98/100 hp.
You now have 17/18 mp.
You slice the bullfrog skeleton!!
You destroy the bullfrog skeleton!
Okawaru accepts your kill.
No target in view!
No target in view!
No target in view!
No target in view!
No target in view!
No target in view!
No target in view!
No target in view!
No target in view!
No target in view!
An ogre comes into view. It is wielding a giant spiked club.
The ogre shouts!
You see here 18 gold pieces.
Health restored: 100 MP restored: 18 You slash the ogre!
The ogre is poisoned.
The ogre hits you with a giant spiked club.
You take 5 damage, and have 95/100 hp.
You now have 17/18 mp.
You barely miss the ogre. You slash the ogre!
The ogre looks as sick as possible!
You kill the ogre!
Okawaru accepts your kill.
No target in view!
No target in view!
No target in view!
No target in view!
No target in view!
No target in view!
No target in view!
No target in view!
No target in view!
No target in view!
You see here a giant spiked club.
MP restored: 18
u - 3 scrolls of blinking {!r} (gained 1)
You feel like a meek peon again.
Some of the chunks of flesh in your inventory have rotted away.
You now have 617 gold pieces (gained 18).
Frances, Duchess of Pandemonium comes into view.
She is wielding a battleaxe.
Frances shouts!
Frances screams a word of power!
Frances seems to speed up.
Health restored: 100 Frances chants phrases taken from a devil's mouth.
The shard of ice hits you!
You take 33 damage, and have 67/100 hp.
MASSIVE DAMAGE!!
You now have 12/18 mp.
You gain the combat prowess of a mighty hero.
You now have 10/18 mp.
The teleport trap disappears.
Your quasit disappears!
Frances chants phrases taken from a devil's mouth.
You can now deal lightning-fast blows.
The red devil barely misses you.
You now have 5/18 mp.
You closely miss Frances.
Frances screams a word of power!
The iron shot hits you!
* * * LOW HITPOINT WARNING * * *
You take 41 damage, and have 27/100 hp.
MASSIVE DAMAGE!!
You now have 2/18 mp.
You closely miss Frances.
Frances whispers indecipherable words.
The iron shot hits you!
You die...

#..####.#
##...##.##############
...#..#......##......##
##.##.#......#........##
##.....................#
..<....................#
#####.#..>.....>..4....#
#.....÷............#
########....@@.....#
................##
######.........# {
≈≈≈{#..........# #≈#
#..........# #≈
#..).......#
#.>........#
##.........#
###########........#


You could see Frances and a red devil.

Vanquished Creatures
  Josephine (D:11)
  Fannar (D:11)
  Erolcha (D:9)
  A centaur warrior (D:10)
  7 two-headed ogres
  Sonja (D:11)
  3 unseen horrors
  Pikel (D:7)
  An ugly thing (D:11)
  A manticore (D:11)
  Joseph (D:9)
  A gargoyle (D:11)
  An efreet (D:10)
  A merfolk (D:9)
  A hornet (D:8)
  A hippogriff (D:12)
  4 wraiths (D:11)
  A wyvern (D:12)
  3 yaks (D:10)
  A vampire mosquito (D:10)
  A soldier ant (shapeshifter) (D:10)
  2 hell hounds (D:8)
  4 orc warriors
  3 slaves (D:7)
  4 ice beasts
  A phantom (D:8)
  2 sky beasts (D:7)
  A necrophage (D:9)
  7 centaurs
  6 ogres
  A big kobold (D:10)
  3 bullfrogs
  A gnoll sergeant (D:8)
  2 scorpions
  8 wights
  12 killer bees
  2 howler monkeys
  A crimson imp (D:7)
  2 quasits
  4 jellies
  6 orc wizards
  A hound (D:5)
  4 bullfrog skeletons
  5 orc priests
  A centaur skeleton (D:10)
  Ijyb (D:3)
  Terence (D:3)
  Natasha (twice) (D:4)
  2 iguanas
  3 worker ants
  A hound zombie (D:7)
  A hound skeleton (D:5)
  A mummy (D:8)
  2 worker ant zombies
  12 adders
  A river rat (D:5)
  4 gnolls (D:8)
  3 adder skeletons
  5 worms
  A dart slug (D:2)
  6 leopard geckos
  30 orcs
  11 giant cockroaches
  8 goblins
  7 hobgoblins
  30 jackals
  2 quokkas
  6 ball pythons
  9 bats
  5 frilled lizards
  19 kobolds
  6 rats
  2 plants (Sewer)
298 creatures vanquished.

Vanquished Creatures (collateral kills)
  The ghost of shakethe the Fighter, a novice DsFi of Okawaru (D:8)
  2 hungry ghosts
  A water moccasin (D:6)
  A sky beast (D:5)
  2 phantoms
  2 ogres
  A centaur (D:6)
  A big kobold (D:8)
  2 bullfrogs
  A killer bee (D:11)
  2 crimson imps
  An orc priest (D:3)
  Natasha (D:4)
  A worker ant (D:9)
  An adder (D:3)
  2 orcs
  2 jackals
  2 kobolds (D:8)
26 creatures vanquished.

Vanquished Creatures (others)
  An orc (D:7)
  A jackal (D:7)
2 creatures vanquished.

Grand Total: 326 creatures vanquished

Notes
Turn   | Place    | Note
-------+----------+-------------------------------------------
     0 | D:1      | shakethe the Demonspawn Fighter began the quest for the Orb.
     0 | D:1      | Reached XP level 1. HP: 18/18 MP: 1/1
   236 | D:1      | Reached skill level 2 in Axes
   237 | D:1      | Gained mutation: When hurt, damage is shared between your health and your magic reserves. [demonic ancestry]
   237 | D:1      | Reached XP level 2. HP: 22/24 MP: 2/2
   420 | D:1      | Reached skill level 3 in Armour
   938 | D:2      | Gained mutation: A weak demonic guardian rushes to your aid. [demonic ancestry]
   938 | D:2      | Reached XP level 3. HP: 29/29 MP: 3/3
  1046 | D:2      | Found a sparkling altar of Nemelex Xobeh.
  1063 | D:2      | HP: 6/30 [worm (2)]
  1325 | D:2      | Found an iron altar of Okawaru.
  1384 | D:2      | Reached XP level 4. HP: 32/37 MP: 4/4
  1403 | D:2      | Became a worshipper of Warmaster Okawaru
  1721 | D:3      | Found an iron altar of Okawaru.
  1758 | D:3      | Reached skill level 4 in Fighting
  1763 | D:3      | Reached skill level 3 in Axes
  1910 | D:3      | Found a shadowy altar of Dithmenos.
  1910 | D:3      | Found a glowing silver altar of Zin.
  1968 | D:3      | Reached XP level 5. HP: 34/42 MP: 5/5
  1998 | D:3      | HP: 10/42 [orc priest/divine providence (8)]
  2239 | D:3      | Noticed Terence
  2264 | D:3      | Killed Terence
  2264 | D:3      | Reached skill level 4 in Armour
  2370 | D:3      | Noticed Ijyb
  2386 | D:3      | Killed Ijyb
  2579 | D:3      | Found a hide-covered altar of Uskayaw.
  2580 | D:3      | Found a sacrificial altar of Ru.
  2857 | D:4      | Noticed a phantom
  2935 | D:4      | Noticed a phantom
  2959 | D:4      | Killed a phantom
  2959 | D:4      | Reached * piety under Okawaru
  2959 | D:4      | Gained mutation: You have a pair of small antennae on your head. [demonic ancestry]
  2959 | D:4      | Reached XP level 6. HP: 34/50 MP: 4/6
  3144 | D:4      | Noticed Natasha
  3155 | D:4      | Killed Natasha
  3275 | D:4      | Noticed Natasha
  3279 | D:4      | Killed Natasha
  3352 | D:4      | Reached skill level 5 in Fighting
  3496 | D:4      | Noticed Natasha
  3503 | D:4      | Killed Natasha
  3503 | D:4      | Reached skill level 4 in Axes
  3529 | D:5      | Entered Level 5 of the Dungeon
  3555 | D:5      | Noticed a sky beast
  3570 | D:5      | Killed a sky beast
  3570 | D:5      | Reached ** piety under Okawaru
  3570 | D:5      | Gained mutation: You are partially covered in slimy green scales. (AC +2) [demonic ancestry]
  3570 | D:5      | Reached XP level 7. HP: 32/56 MP: 4/7
  3797 | D:5      | Found a radiant altar of Vehumet.
  3806 | D:5      | Reached skill level 5 in Armour
  3807 | D:5      | Found a burning altar of Makhleb.
  3841 | D:5      | Found a glowing drain.
  3861 | Sewer    | Entered a sewer
  5172 | D:5      | Found a glowing golden altar of the Shining One.
  5200 | D:5      | Found a blossoming altar of Fedhas.
  5348 | D:5      | Reached skill level 6 in Fighting
  5348 | D:5      | Reached skill level 5 in Axes
  5358 | D:5      | Gained mutation: You are mostly covered in slimy green scales. (AC +3) [demonic ancestry]
  5358 | D:5      | Reached XP level 8. HP: 26/64 MP: 3/8
  5751 | D:6      | Found a shimmering altar of Xom.
  5877 | D:6      | Reached *** piety under Okawaru
  5996 | D:6      | Reached skill level 6 in Armour
  6375 | D:6      | Found a shattered altar of Ashenzari.
  6563 | D:6      | Noticed a two-headed ogre
  6582 | D:6      | Killed a two-headed ogre
  6582 | D:6      | Reached **** piety under Okawaru
  6582 | D:6      | Reached skill level 7 in Fighting
  6582 | D:6      | Reached skill level 6 in Axes
  6582 | D:6      | Gained mutation: You have a pair of antennae on your head. [demonic ancestry]
  6582 | D:6      | Reached XP level 9. HP: 22/72 MP: 2/9
  7033 | D:7      | Reached skill level 7 in Armour
  7041 | D:7      | Reached skill level 1 in Invocations
  7089 | D:7      | HP: 18/73 [poisoned by a killer bee]
  7096 | D:7      | HP: 16/74 [killer bee (3)]
  7114 | D:7      | Reached skill level 2 in Invocations
  7435 | D:7      | Reached skill level 8 in Fighting
  7445 | D:7      | Found a shattered altar of Ashenzari.
  7453 | D:7      | Noticed Pikel
  7474 | D:7      | Killed Pikel
  7474 | D:7      | Reached skill level 7 in Axes
  7474 | D:7      | Reached skill level 3 in Invocations
  7709 | D:7      | Reached skill level 4 in Invocations
  8187 | D:7      | Found a staircase to the Ecumenical Temple.
  8195 | D:7      | Received a gift from Okawaru
  8352 | D:8      | Noticed a two-headed ogre
  8357 | D:8      | Noticed shakethe's ghost (novice DsFi)
  8606 | D:8      | Found a snail-covered altar of Cheibriados.
  8663 | D:8      | HP: 14/75 [ogre/giant club (7)]
  8669 | D:8      | Killed an unseen horror
  8669 | D:8      | Reached ***** piety under Okawaru
  8669 | D:8      | Reached skill level 8 in Armour
  8669 | D:8      | Reached skill level 5 in Invocations
  8669 | D:8      | Reached XP level 10. HP: 15/82 MP: 5/13
  9085 | D:8      | Killed shakethe's ghost
  9085 | D:8      | Reached skill level 9 in Fighting
  9085 | D:8      | Reached skill level 6 in Invocations
  9161 | D:8      | Noticed a two-headed ogre
  9169 | D:8      | Killed a two-headed ogre
  9169 | D:8      | Reached skill level 8 in Axes
  9221 | D:8      | Paralysed by a hornet for 1 turns
  9224 | D:8      | Paralysed by a hornet for 2 turns
  9248 | D:8      | Received a gift from Okawaru
  9462 | D:8      | Found a snail-covered altar of Cheibriados.
  9467 | D:8      | Killed a two-headed ogre
  9467 | D:8      | Reached skill level 7 in Invocations
  9758 | D:8      | Found an ornate altar of the Wu Jian Council.
  9760 | D:8      | Found a staircase to the Lair.
  9986 | D:9      | Noticed a two-headed ogre
  9994 | D:9      | Killed a two-headed ogre
 10032 | D:9      | Noticed a two-headed ogre
 10043 | D:9      | Killed a two-headed ogre
 10043 | D:9      | Reached skill level 9 in Armour
 10043 | D:9      | Reached XP level 11. HP: 42/90 MP: 6/16
 10241 | D:9      | Noticed Erolcha
 10250 | D:9      | Killed Erolcha
 10250 | D:9      | Reached skill level 8 in Invocations
 10362 | D:9      | Noticed Joseph
 10376 | D:9      | Killed Joseph
 10376 | D:9      | Reached skill level 10 in Fighting
 10503 | D:9      | Received a gift from Okawaru
 10503 | D:9      | Reached skill level 9 in Axes
 10789 | D:9      | Noticed a two-headed ogre
 10800 | D:9      | Killed a two-headed ogre
 10979 | D:9      | Found a white marble altar of Elyvilon.
 11046 | D:10     | Entered Level 10 of the Dungeon
 11089 | D:10     | Found Feqym's Jewellery Boutique.
 11090 | D:10     | Found a large runed door.
 11090 | D:10     | Found a large runed door.
 11111 | D:10     | Noticed a two-headed ogre
 11115 | D:10     | Killed a two-headed ogre
 11126 | D:10     | Reached skill level 9 in Invocations
 11208 | D:10     | Found a large runed door.
 11208 | D:10     | Found a large runed door.
 11492 | D:10     | Killed an unseen horror
 11779 | D:10     | Noticed a centaur warrior
 11793 | D:10     | Killed a centaur warrior
 11831 | D:10     | Got a clouded jade ring
 11841 | D:10     | Identified the ring of Tiukko {Ice +Inv SInv} (You found it on level 10 of the Dungeon)
 11929 | D:11     | Reached skill level 10 in Armour
 12012 | D:11     | Noticed Sonja
 12452 | D:11     | Noticed Josephine
 12473 | D:11     | Killed Josephine
 12473 | D:11     | Reached skill level 11 in Fighting
 12473 | D:11     | Reached skill level 10 in Axes
 12474 | D:11     | Gained mutation: You have a pair of large antennae on your head. (SInv) [demonic ancestry]
 12474 | D:11     | Reached XP level 12. HP: 94/100 MP: 11/18
 12547 | D:11     | Found a staircase to the Orcish Mines.
 12575 | D:11     | Received a gift from Okawaru
 12585 | D:11     | Got a bloodstained chain mail {god gift}
 12611 | D:11     | Identified the +1 chain mail of the Original Sin {rElec rPois MR+} (Okawaru gifted it to you on level 11 of the Dungeon)
 12631 | D:11     | Killed Sonja
 12634 | D:11     | Found Yvvocz Faef's Weapon Shop.
 12922 | D:11     | Noticed Fannar
 12949 | D:11     | Killed Fannar
 13736 | D:12     | Got a jewelled scale mail
 13910 | D:12     | Noticed Frances
 13917 | D:12     | Killed from afar by Frances

Skill      XL: |  1  2  3  4  5  6  7  8  9 10 11 |
---------------+----------------------------------+-----
Axes           | 2 3 4 5 6 7 8 10 | 10.5
Armour         | 3 4 5 6 8 9 10 | 10.7
Fighting       | 4 5 6 7 8 9 11 | 11.6
Invocations    | 5 7 9 |  9.0
Shields        | |  2.6

Action                   |  1- 3 |  4- 6 |  7- 9 | 10-12 || total
-------------------------+-------+-------+-------+-------++-------
Melee: War axe           |   130 |   218 |   576 |    73 ||   997
       Battleaxe         |       |       |       |   296 ||   296
Invok: Heroism           |       |       |    15 |    18 ||    33
       Finesse           |       |       |       |     5 ||     5
  Use: Scroll            |       |       |    10 |     2 ||    12
       Potion            |       |       |     2 |     1 ||     3
 Stab: Distracted        |       |     1 |     1 |     2 ||     4
  Eat: Chunk             |     2 |     7 |    17 |     7 ||    33
       Ration            |       |       |     2 |     4 ||     6
Armor: Scale mail        |    85 |   113 |   316 |    25 ||   539
       Plate armour      |       |       |       |   206 ||   206
       Chain mail        |       |       |       |    73 ||    73
Dodge: Dodged            |    42 |    53 |   185 |   144 ||   424
Block: Shield            |    91 |    93 |   239 |    29 ||   452

Vault maps used:
D:1:      nicolae_arrival_somewhat_less_tricky_arrival, minivault_5
D:2:      lemuel_round_altar, nicolae_overflow_crystal_walls,
          serial_corexii_hall, corexii_hall_statues_u, corexii_hall_statues_t
D:3:      gammafunk_temple_overflow_statue, minitemple,
          okawaru_metal_pillars_1_2, uniq_ijyb, uniq_terence
D:4:      uniq_natasha
D:5:      grunt_temple_overflow_lords_of_destruction, fedhas_altar_3,
          portal_sewer_entry_b, first_ration, nicolae_tso_carved_into_rock
D:6:      lemuel_crystal_altar, xom_butterflies
D:7:      temple_hall, nicolae_ashenzari_panopticon, uniq_pikel
D:8:      overflow_temple_1_default, slow_altar_1, minmay_lair_entry_lava,
          cheibriados_altar_1
D:9:      hangedman_fish_farm, minmay_misc_feat_diagonals, grunt_ministairs_2,
          elyvilon_altar_4, uniq_erolcha, uniq_joseph
D:10:     serial_shops, shop_statue, minmay_hollow_rounded_squares
D:11:     david_orc_2, serial_shops, shop, kennysheep_minor_cross,
          uniq_josephine, uniq_fannar, uniq_sonja
D:12:     serial_aquarium, aquarium_bridge_square,
          aquarium_bridge_long_separate, aquarium_window_2,
          aquarium_window_corner, aquarium_window_corner, aquarium_view_2c,
          uniq_psyche, uniq_frances
Sewer:    sewer_co_scattered_pipes

Table legend:
 A = Turns spent in this place as a percentage of turns spent in the entire game.
 B = Non-inter-level travel turns spent in this place as a percentage of non-inter-level travel turns spent in the entire game.
 C = Inter-level travel turns spent in this place as a percentage of turns spent in this place.
 D = Turns resting spent in this place as a percentage of non-inter-level travel turns spent in this place.
 E = Turns spent auto-exploring this place as a percentage of non-inter-level travel turns spent in this place.
 F = Non-inter-level travel turns spent in this place divided by the number of levels of this place that you've seen.
                   A       B       C       D       E      F
               +-------+-------+-------+-------+-------+----------------------
         Total | 100.0 | 100.0 |   2.7 |  29.5 |  44.3 | 1041.8
       Dungeon |  94.3 |  94.1 |   2.8 |  31.3 |  43.3 | 1062.6
         Sewer |   5.7 |   5.9 |   0.0 |   0.0 |  60.3 | 793.0
               +-------+-------+-------+-------+-------+----------------------

Table legend:
 A = Kills in this place as a percentage of kills in entire the game.
 B = Kills by you in this place as a percentage of kills by you in the entire game.
 C = Kills by friends in this place as a percentage of kills by friends in the entire game.
 D = Other kills in this place as a percentage of other kills in the entire game.
 E = Experience gained in this place as a percentage of experience gained in the entire game.
 F = Experience gained in this place divided by the number of levels of this place that you have seen.
                   A       B       C       D       E      F
               +-------+-------+-------+-------+-------+----------------------
         Total | 100.0 | 100.0 | 100.0 |   N/A | 100.0 | 2144.7
       Dungeon |  93.1 |  92.5 | 100.0 |   N/A |  99.7 | 2315.7
         Sewer |   6.9 |   7.5 |   0.0 |   N/A |   0.3 |  93.0
               +-------+-------+-------+-------+-------+----------------------
